 Dungeon Crawl Stone Soup version 0.24.0-37-gcf1ca852f1 (webtiles) character file.

Game seed: 11854708463922098669, levelgen mode: deterministic

1178 FishyPogo the Ducker (level 8, -6/100 HPs)
             Began as a Gnoll Monk on Nov 29, 2019.
             Was a Believer of the Shining One.
             Splashed by a jelly's acid (9 damage)
             ... on level 6 of the Dungeon on Nov 30, 2019.
             The game lasted 00:20:42 (3921 turns).

FishyPogo the Ducker (Gnoll Monk)                   Turns: 3921, Time: 00:20:46

Health: -6/100     AC:  0    Str: 13    XL:     8   Next: 42%
Magic:  12/12      EV:  2    Int: 13    God:    the Shining One [**....]
Gold:   199        SH:  0    Dex: 20    Spells: 13/13 levels left

rFire    . . .     SeeInvis .   a - +1 spear
rCold    + . .     Gourm    .   (no shield)
rNeg     + + +     Faith    .   (armour currently unavailable)
rPois    +         Spirit   .   (helmet currently unavailable)
rElec    .         Reflect  .   (cloak currently unavailable)
rCorr    .         Harm     .   (gloves currently unavailable)
MR       +....     NoTele   +   (boots currently unavailable)
Stlth    ++........             (no amulet)
HPRegen  0.26/turn              m - ring of protection from magic
MPRegen  0.13/turn              s - ring of protection from cold

@: tree-form, corroded, glowing
A: distributed training, strong nose
a: Divine Shield, Renounce Religion


You were on level 6 of the Dungeon.
You worshipped the Shining One.
The Shining One was pleased with you.
You were not hungry.
You were a tree.
You visited 1 branch of the dungeon, and saw 6 of its levels.

You collected 199 gold pieces.

Inventory:

Hand Weapons
 a - a +1 spear (weapon)
Missiles
 b - 46 stones
 f - 11 boomerangs
 g - 47 poisoned darts (quivered)
Armour
 j - a +2 ring mail of cold resistance (melded)
 l - a +1 pair of gloves (melded)
Jewellery
 m - a ring of protection from magic (left branch)
 q - an uncursed ring of flight {unknown}
 s - a ring of protection from cold (right branch)
Wands
 n - a wand of random effects (20)
Scrolls
 e - 2 scrolls of remove curse
 i - 2 scrolls of amnesia
 k - a scroll of random uselessness
 r - 6 scrolls of identify
 t - 2 scrolls of enchant weapon
Potions
 h - 2 potions of agility
Comestibles
 c - 7 rations
 x - 6 chunks of flesh


   Skills:
 + Level 7.3 Fighting
 + Level 3.2 Short Blades
 + Level 3.2 Long Blades
 + Level 3.2 Axes
 + Level 3.2 Maces & Flails
 + Level 7.3 Polearms
 + Level 3.2 Staves
 + Level 3.2 Slings
 + Level 3.2 Bows
 + Level 3.2 Crossbows
 + Level 3.2 Throwing
 + Level 3.2 Armour
 + Level 7.3 Dodging
 + Level 5.3 Stealth
 + Level 3.2 Shields
 + Level 3.2 Unarmed Combat
 + Level 3.2 Spellcasting
 + Level 2.6 Conjurations
 + Level 2.6 Hexes
 + Level 2.6 Charms
 + Level 2.6 Summonings
 + Level 2.6 Necromancy
 + Level 2.6 Translocations
 + Level 2.6 Transmutations
 + Level 2.6 Fire Magic
 + Level 2.6 Ice Magic
 + Level 2.6 Air Magic
 + Level 2.6 Earth Magic
 + Level 2.6 Poison Magic
 + Level 3.5 Invocations
 + Level 3.2 Evocations


You had 13 spell levels left.
You didn't know any spells.
Your spell library was empty.

Dungeon Overview and Level Annotations

Branches:
Dungeon (6/15)
 Temple: D:4-7

Altars:
Cheibriados
Nemelex Xobeh
Qazlal
Uskayaw
The Shining One

Annotations:
D:3 3 runed translucent doors, rumpelstilzz's ghost, amateur TrWr
D:5 2 transporters, plexdo's ghost, novice TeSu


Innate Abilities, Weirdness & Mutations

Your experience applies equally to all skills.
((You have very sharp teeth.))
Your uncanny sense of smell can sniff out nearby items.


Message History

* * * LOW HITPOINT WARNING * * *
The jelly is heavily wounded.
The jelly hits you but does no damage.
You completely miss the jelly.
The jelly is heavily wounded.
The jelly hits you.
* * * LOW HITPOINT WARNING * * *
The acid corrodes you!
You are splashed with acid!
* * * LOW HITPOINT WARNING * * *
You feel better. The jelly completely misses you.
You hit the jelly but do no damage. The acid corrodes you!
Your branches burn!
* * * LOW HITPOINT WARNING * * *
The jelly is heavily wounded.
You hit the jelly but do no damage. The acid corrodes you!
Your branches burn!
* * * LOW HITPOINT WARNING * * *
The jelly is heavily wounded.
The jelly hits you.
* * * LOW HITPOINT WARNING * * *
You are splashed with acid!
You die...

#. #. .## #.
...# #. ...##
#. ##.#... #.
..(..#
#####.##(.?..#
#...$.♣J.....#
#.#####......#
#....>.#
#.#######.#
#.........#
#.......##
##.####.# #.#
#.#


You could see a jelly.

Vanquished Creatures
  3 yaks (D:6)
  2 sky beasts
  An ice beast (D:5)
  A phantom (D:5)
  A howler monkey (D:5)
  A hound (D:6)
  A bullfrog zombie (D:5)
  A centaur skeleton (D:4)
  A bullfrog skeleton (D:5)
  3 worker ants (D:4)
  A hound skeleton (D:5)
  3 adders
  An adder skeleton (D:4)
  4 worms
  3 dart slugs
  4 leopard geckos
  12 orcs
  3 bats
  2 giant cockroaches (D:4)
  4 goblins
  5 hobgoblins
  23 jackals
  2 quokkas (D:6)
  2 ball pythons
  6 frilled lizards
  6 kobolds
  A leopard gecko skeleton (D:4)
  4 rats
  A plant (D:1)
102 creatures vanquished.

Notes
Turn   | Place    | Note
-------+----------+-------------------------------------------
     0 | D:1      | FishyPogo the Gnoll Monk began the quest for the Orb.
     0 | D:1      | Reached XP level 1. HP: 23/23 MP: 1/1
   152 | D:1      | Reached XP level 2. HP: 29/29 MP: 2/2
   511 | D:4      | Reached XP level 3. HP: 35/35 MP: 3/3
   565 | D:4      | Reached skill level 1 in Short Blades
   565 | D:4      | Reached skill level 1 in Long Blades
   565 | D:4      | Reached skill level 1 in Axes
   565 | D:4      | Reached skill level 1 in Maces & Flails
   565 | D:4      | Reached skill level 1 in Staves
   565 | D:4      | Reached skill level 1 in Slings
   565 | D:4      | Reached skill level 1 in Bows
   565 | D:4      | Reached skill level 1 in Crossbows
   565 | D:4      | Reached skill level 1 in Throwing
   565 | D:4      | Reached skill level 1 in Armour
   565 | D:4      | Reached skill level 1 in Shields
   565 | D:4      | Reached skill level 1 in Unarmed Combat
   565 | D:4      | Reached skill level 1 in Spellcasting
   565 | D:4      | Reached skill level 1 in Invocations
   565 | D:4      | Reached skill level 1 in Evocations
   567 | D:4      | Reached XP level 4. HP: 16/41 MP: 3/5
   873 | D:4      | Reached skill level 1 in Conjurations
   873 | D:4      | Reached skill level 1 in Hexes
   873 | D:4      | Reached skill level 1 in Charms
   873 | D:4      | Reached skill level 1 in Summonings
   873 | D:4      | Reached skill level 1 in Necromancy
   873 | D:4      | Reached skill level 1 in Translocations
   873 | D:4      | Reached skill level 1 in Transmutations
   873 | D:4      | Reached skill level 1 in Fire Magic
   873 | D:4      | Reached skill level 1 in Ice Magic
   873 | D:4      | Reached skill level 1 in Air Magic
   873 | D:4      | Reached skill level 1 in Earth Magic
   873 | D:4      | Reached skill level 1 in Poison Magic
   942 | D:4      | Reached XP level 5. HP: 38/47 MP: 6/6
  1282 | D:2      | Found a snail-covered altar of Cheibriados.
  1285 | D:2      | Found a glowing golden altar of the Shining One.
  1287 | D:2      | Found a sparkling altar of Nemelex Xobeh.
  1289 | D:2      | Became a worshipper of the Shining One
  1289 | D:2      | Reached * piety under the Shining One
  1289 | D:2      | Reached ** piety under the Shining One
  2061 | D:3      | Noticed a sky beast
  2664 | D:3      | Killed a sky beast
  2664 | D:3      | Reached XP level 6. HP: 46/53 MP: 8/8
  2799 | D:3      | Noticed rumpelstilzz's ghost (amateur TrWr)
  2800 | D:3      | Found a runed translucent gate.
  2801 | D:3      | Found a runed translucent gate.
  2802 | D:3      | Found a runed translucent gate.
  3029 | D:4      | Found a stormy altar of Qazlal.
  3167 | D:5      | Entered Level 5 of the Dungeon
  3183 | D:5      | Noticed a sky beast
  3203 | D:5      | Killed a sky beast
  3249 | D:5      | Noticed a phantom
  3278 | D:5      | Killed a phantom
  3278 | D:5      | Reached XP level 7. HP: 56/59 MP: 10/10
  3421 | D:5      | Found a transporter.
  3463 | D:5      | Found a transporter.
  3464 | D:5      | Noticed plexdo's ghost (novice TeSu)
  3482 | D:5      | Reached skill level 5 in Stealth
  3738 | D:6      | Found a hide-covered altar of Uskayaw.
  3758 | D:6      | Noticed a +0 dagger
  3759 | D:6      | Noticed a +0 hand axe
  3772 | D:6      | Noticed a yak
  3775 | D:6      | Noticed a yak
  3789 | D:6      | Noticed a yak
  3797 | D:6      | Killed a yak
  3797 | D:6      | Reached XP level 8. HP: 21/67 MP: 10/12
  3804 | D:6      | Noticed a yak
  3825 | D:6      | Killed a yak
  3871 | D:6      | Noticed a yak
  3891 | D:6      | Killed a yak
  3918 | D:6      | HP: 5/100 [acid (8)]
  3921 | D:6      | Splashed by a jelly's acid

Levels and vault maps discovered:
D:1:      dpeg_arrival_pits, layout_basic, serial_bayou, serial_bayou_pond_c,
          serial_bayou_pond_e, serial_bayou_pond_d, serial_bayou_lagoon_a
D:2:      layout_loops_corners, minitemple
D:3:      layout_rooms, gammafunk_ghost_split
D:4:      layout_basic, lemuel_coloured_pillars_altar, serial_park_tiny_1,
          minmay_quantized
D:5:      layout_basic, first_ration, gammafunk_ghost_mausoleum
D:6:      layout_loops_ring, dancing_weapons_uskayaw, serial_shops,
          kennysheep_mini_moat

Skill      XL: |  1  2  3  4  5  6  7  8 |
---------------+-------------------------+-----
Short Blades   | 1 2 3 |  3.2
Long Blades    | 1 2 3 |  3.2
Axes           | 1 2 3 |  3.2
Maces & Flails | 1 2 3 |  3.2
Staves         | 1 2 3 |  3.2
Slings         | 1 2 3 |  3.2
Bows           | 1 2 3 |  3.2
Crossbows      | 1 2 3 |  3.2
Throwing       | 1 2 3 |  3.2
Armour         | 1 2 3 |  3.2
Shields        | 1 2 3 |  3.2
Unarmed Combat | 1 2 3 |  3.2
Spellcasting   | 1 2 3 |  3.2
Invocations    | 1 2 3 |  3.5
Evocations     | 1 2 3 |  3.2
Conjurations   | 1 2 |  2.6
Hexes          | 1 2 |  2.6
Charms         | 1 2 |  2.6
Summonings     | 1 2 |  2.6
Necromancy     | 1 2 |  2.6
Translocations | 1 2 |  2.6
Transmutations | 1 2 |  2.6
Fire Magic     | 1 2 |  2.6
Ice Magic      | 1 2 |  2.6
Air Magic      | 1 2 |  2.6
Earth Magic    | 1 2 |  2.6
Poison Magic   | 1 2 |  2.6
Fighting       | 7 |  7.3
Polearms       | 7 |  7.3
Dodging        | 7 |  7.3
Stealth        | 5 |  5.3

Action                   |  1- 3 |  4- 6 |  7- 9 || total
-------------------------+-------+-------+-------++-------
Melee: Spear             |    89 |   328 |   102 ||   519
       Bite              |     2 |    35 |    11 ||    48
       Punch             |       |     1 |     1 ||     2
Throw: Boomerang         |       |    18 |     5 ||    23
       Dart              |       |       |    22 ||    22
  Use: Scroll            |       |     4 |     2 ||     6
       Potion            |       |     3 |     5 ||     8
 Stab: Sleeping          |     1 |     6 |       ||     7
  Eat: Chunk             |       |     7 |     3 ||    10
Armor: Robe              |     5 |     5 |       ||    10
       Ring mail         |       |    51 |    16 ||    67
       Skin              |       |       |     4 ||     4
Dodge: Dodged            |    42 |   150 |    48 ||   240
